 Dungeon Crawl Stone Soup version 0.30-a0-883-g5ad918d77d (webtiles) character file.

Game seed: 4524751125704050714

2501 bobarctor the Thaumaturge (level 9, -3/57 HPs)
             Began as a Demonspawn Necromancer on Mar 15, 2023.
             Succumbed to barbed spike wounds
             ... on level 6 of the Dungeon.
             The game lasted 00:37:57 (7220 turns).

bobarctor the Thaumaturge (Demonspawn Necromancer)  Turns: 7220, Time: 00:37:58

Health: -3/57      AC:  5    Str:  9    XL:     9   Next: 28%
Magic:  7/21       EV: 12    Int: 20    God:
Gold:   294        SH:  0    Dex: 14    Spells: 7/25 levels left

rFire   . . .      SeeInvis .    G - +2 whip (flame)
rCold   + . .      Faith    .    (no shield)
rNeg    . . .      Spirit   .    H - +1 robe {Archmagi}
rPois   .          Reflect  .    (no helmet)
rElec   .          Rampage  .    (no cloak)
rCorr   .          Archmagi +    F - +0 pair of gloves
Will    .....                    m - +0 pair of boots
Stlth   ++                       (no amulet)
HPRegen 0.29/turn                n - ring of protection from cold
MPRegen 0.17/turn                (no ring)

@: spiked
A: ignite blood 2, spiny 1
a: no special abilities


You were on level 6 of the Dungeon.
You visited 1 branch of the dungeon, and saw 6 of its levels.

You collected 294 gold pieces.

Inventory:

Hand Weapons
 e - a +0 mace
 f - a +0 dagger
 G - a +2 whip of flaming (weapon)
 J - a +1 short sword of venom
 L - a +0 dagger of venom
Missiles
 d - 50 stones (quivered)
 x - 27 poisoned darts
 A - 9 boomerangs
Armour
 a - a +0 robe
 m - a +0 pair of boots (worn)
 F - a +0 pair of gloves (worn)
 H - a +1 robe of the Archmagi (worn)
Magical Staves
 D - a staff of poison
 N - a staff of poison
Jewellery
 n - a ring of protection from cold (left hand)
 M - a ring of fire
Wands
 y - a wand of mindburst (11)
 z - a wand of quicksilver (9)
Scrolls
 g - a scroll of silence {unknown}
 i - a scroll of poison {unknown}
 j - 3 scrolls of teleportation {unknown}
 k - 2 scrolls of blinking {unknown}
 o - a scroll of acquirement {unknown}
 p - a scroll of enchant armour {unknown}
 q - 2 scrolls of identify {unknown}
 r - a scroll of summoning {unknown}
 s - 2 scrolls of enchant weapon {unknown}
 t - 2 scrolls of vulnerability {unknown}
 B - a scroll of fog {unknown}
 E - 5 scrolls of magic mapping {unknown}
Potions
 b - a potion of magic
 c - 2 potions of might
 h - a potion of haste {unknown}
 l - 2 potions of mutation {unknown}
 u - a potion of berserk rage
 v - a potion of curing {unknown}
 w - a potion of brilliance {unknown}
 C - 2 potions of lignification {unknown}
 I - a potion of heal wounds
 K - a potion of degeneration {unknown}


   Skills:
 + Level 2.6 Dodging
 + Level 2.6 Stealth
 * Level 8.6 Spellcasting
 + Level 8.3 Necromancy
 * Level 3.3 Translocations
 * Level 2.4 Air Magic


You had 7 spell levels left.
You knew the following spells:

 Your Spells              Type           Power      Damage    Failure   Level
a - Necrotise             Necr           100%       1d9       1%          1
b - Vampiric Draining     Necr           58%        2d10      1%          3
c - Blink                 Tloc           66%        N/A       3%          2
d - Agony                 Necr           58%        N/A       7%          5
e - Shock                 Conj/Air       80%        1d8       4%          1
f - Swiftness             Air            27%        N/A       9%          3
g - Teleport Other        Tloc           33%        N/A       6%          3

Your spell library contained the following spells:

 Spells                   Type           Power      Damage    Failure   Level
 Animate Dead             Necr           58%        N/A       2%          4
 Lesser Beckoning         Tloc           66%        N/A       3%          2
 Momentum Strike          Conj/Tloc      46%        3d9       6%          2
 Gell's Gravitas          Tloc           33%        N/A       6%          3
 Foxfire                  Conj/Fire      48%        2x1d6     9%          1
 Airstrike                Air            13%        2d(2-18)  28%         4
 Fireball                 Conj/Fire      6%         3d5       92%         5
 Starburst                Conj/Fire      6%         6d4       100%        6


Dungeon Overview and Level Annotations

Branches:
Dungeon (6/15)
 Temple: D:4-7

Altars:
Kikubaaqudgha
Qazlal
Xom
Yredelemnul

Shops:
D:3 :   D:5 [=


Innate Abilities, Weirdness & Mutations

Your demonic aura often causes spilled blood to erupt in flames.
You are partially covered in sharp spines.


Message History

Press: ? - help, Shift-Dir - straight line, f/p - manticore
Aim: a manticore (almost dead)
You feel a surge of power!
You draw life force from the manticore!
You kill the manticore!
You feel life coursing into your body.
Your +1 short sword of venom stops dripping with poison.
Your +2 whip of flaming bursts into flame!
G - a +2 whip of flaming (weapon)
The ufetubus hits you.
* * * LOW HITPOINT WARNING * * *
The ufetubus hits you.
* * * LOW HITPOINT WARNING * * *
Casting: Vampiric Draining (safe; 1% risk of failure)
Confirm with . or Enter, or press ? or * to list all spells.
You feel a surge of power!
You blink.
The barbs in your skin will harm you if you move.
Continue?
Okay, then.
Casting: Blink (safe; 3% risk of failure)
Confirm with . or Enter, or press ? or * to list all spells.
You can't see any susceptible monsters within range! (Use Z to cast anyway.) Throw: 52 stones
Press: ? - help, Q - select action, (/) - cycle Shift-Dir - straight line, f - ufetubus
Aim: an ufetubus (38% to hit)
You throw a stone. The stone misses the ufetubus.
You feel stable enough to blink again.
Throw: 51 stones
Press: ? - help, Q - select action, (/) - cycle Shift-Dir - straight line, f/p - ufetubus
Aim: an ufetubus (38% to hit)
You throw a stone. The stone closely misses the ufetubus.
The ufetubus hits you but does no damage.
The ufetubus closely misses you.
You miss the ufetubus. The ufetubus is struck by your spines.
The ufetubus barely misses you. The ufetubus hits you.
* * * LOW HITPOINT WARNING * * *
Unknown command.
The barbs in your skin will harm you if you move.
Continue?
The barbed spikes dig painfully into your body as you move.
* * * LOW HITPOINT WARNING * * *
The barbed spikes dig painfully into your body as you move.
You die...

.# #.##.##.####.##.# #.### .#
#.##.#..........# #.# .#
#.##.##.####....# #.#
.######.##..#..##..##.# #.#
#...).............###.#######.#
#..#.##.##.##.##..###.........#
#.###############..##....######
#.. #..#†°#..##....#..# #.#
#..#5○#@.#####..# ...
#..#..#.##....#..# #.#
#########..##....# #..
#...###...# .........###
###########


There were no monsters in sight!

Vanquished Creatures
  Pikel (D:6)
  A manticore (D:6)
  A wyvern (D:5)
  Duvessa (D:6)
  A water moccasin (D:6)
  An orc warrior (D:6)
  3 ogres
  A lemure (D:5)
  A kobold brigand (D:6)
  3 scorpions
  Dowan (D:6)
  A howler monkey (D:6)
  3 hounds
  A jelly (D:4)
  2 orc priests (D:3)
  A gnoll bouda (D:3)
  6 orc wizards
  An iguana (D:4)
  7 gnolls
  5 adders
  A shadow imp (D:6)
  A white imp (D:5)
  An ufetubus (D:6)
  2 worms
  23 orcs
  4 ball pythons
  10 bats
  3 endoplasms
  3 giant cockroaches
  7 goblins
  4 hobgoblins
  3 jackals
  3 quokkas
  3 frilled lizards
  10 kobolds
  5 rats
125 creatures vanquished.

Vanquished Creatures (collateral kills)
  A gnoll bouda (D:5)
  An endoplasm (D:4)
  A jackal (D:2)
  A quokka (D:4)
  A kobold (D:6)
5 creatures vanquished.

Grand Total: 130 creatures vanquished

Notes
Turn   | Place    | Note
-------+----------+-------------------------------------------
     0 | D:1      | bobarctor the Demonspawn Necromancer began the quest for
                  | the Orb.
     0 | D:1      | Reached XP level 1. HP: 13/13 MP: 3/3
   210 | D:1      | Gained mutation: Your demonic aura sometimes causes spilled
                  | blood to erupt in flames. [demonic ancestry]
   210 | D:1      | Reached XP level 2. HP: 19/19 MP: 3/5
  1372 | D:2      | Reached skill level 5 in Necromancy
  1400 | D:2      | Gained mutation: You are partially covered in sharp spines.
                  | [demonic ancestry]
  1400 | D:2      | Reached XP level 3. HP: 24/24 MP: 4/6
  1578 | D:2      | Learned a level 3 spell: Vampiric Draining
  1920 | D:3      | Reached XP level 4. HP: 11/30 MP: 0/8
  2216 | D:3      | Reached XP level 5. HP: 35/35 MP: 2/10
  2331 | D:3      | Found Lilag's Book Shop.
  2916 | D:3      | Reached XP level 6. HP: 41/41 MP: 4/12
  3434 | D:4      | Learned a level 2 spell: Blink
  3440 | D:4      | Learned a level 5 spell: Agony
  3480 | D:4      | Found an ancient bone altar of Kikubaaqudgha.
  3480 | D:4      | Found a shimmering altar of Xom.
  3639 | D:4      | Found a basalt altar of Yredelemnul.
  3890 | D:4      | Found a stormy altar of Qazlal.
  4137 | D:4      | Reached skill level 5 in Spellcasting
  4569 | D:5      | Entered Level 5 of the Dungeon
  4569 | D:5      | Noticed a wyvern
  4848 | D:5      | Gained mutation: Your demonic aura often causes spilled
                  | blood to erupt in flames. [demonic ancestry]
  4848 | D:5      | Reached XP level 7. HP: 46/46 MP: 8/15
  4950 | D:5      | Killed a wyvern
  4951 | D:5      | Reached skill level 1 in Translocations
  5327 | D:5      | Found Pigaps's One-of-a-Kind Rings.
  5427 | D:5      | Found Orhaluth's Armour Shop.
  5637 | D:6      | Noticed Pikel
  5891 | D:6      | Learned a level 1 spell: Shock
  6088 | D:6      | Killed Pikel
  6089 | D:6      | Reached skill level 1 in Air Magic
  6089 | D:6      | Reached XP level 8. HP: 27/52 MP: 9/18
  6482 | D:6      | Learned a level 3 spell: Swiftness
  6486 | D:6      | Learned a level 3 spell: Teleport Other
  6516 | D:6      | Noticed Duvessa
  6521 | D:6      | Noticed Dowan
  6526 | D:6      | Killed Duvessa
  6559 | D:6      | Killed Dowan
  6910 | D:6      | Reached XP level 9. HP: 41/57 MP: 14/20
  7204 | D:6      | Noticed a manticore
  7213 | D:6      | Killed a manticore
  7219 | D:6      | HP: 2/57 [barbs]
  7220 | D:6      | Succumbed to barbed spike wounds

Illustrated notes

Levels and vault maps discovered:
D:1:      dpeg_arrival_oval, layout_rooms
D:2:      layout_loops_cross, grunt_decor_fettered
D:3:      layout_loops_cross, serial_shops, nicolae_shop_trees,
          minmay_misc_feat_ornament
D:4:      nicolae_cairo_tiling, layout_cave_pods,
          mainiacjoe_overflow_cross_hatched, nicolae_overflow_crystal_walls,
          grunt_temple_overflow_open, abandoned_shop, minivault_26,
          corexii_item_surrounded_by_moat, grunt_ministairs_2,
          dreamdust_princess_bridge, nicolae_elevator_lobby_plus
D:5:      layout_cave_pools, serial_shops, nicolae_shop_statue_plus,
          nicolae_shop_unique_rings
D:6:      minmay_opposing_rooms, layout_loops_ring, serial_glass,
          glass_columns_b, glass_columns_a, minmay_manual_macuahuitl,
          uniq_pikel, uniq_duvessa

Skill      XL: |  1  2  3  4  5  6  7  8  9 |
---------------+----------------------------+-----
Necromancy     | 5 6 7 8 |  8.3
Spellcasting   | 3 4 5 7 8 |  8.6
Dodging        | 2 |  2.6
Stealth        | 2 |  2.6
Translocations | 2 3 |  3.3
Air Magic      | 1 2 |  2.4

Action                     |  1- 3 |  4- 6 |  7- 9 || total
---------------------------+-------+-------+-------++-------
  Melee: Dagger            |     5 |     5 |    27 ||    37
         Whip              |       |       |     9 ||     9
         Short sword       |       |       |     6 ||     6
  Throw: Stone             |       |     1 |     7 ||     8
   Cast: Necrotise         |    58 |   107 |    93 ||   258
         Vampiric Draining |     1 |     5 |    15 ||    21
         Agony             |       |       |     4 ||     4
         Blink             |       |       |     1 ||     1
    Use: Potion            |       |       |     2 ||     2
   Stab: Sleeping          |       |     1 |     1 ||     2
 Armour: Robe              |     2 |       |    14 ||    16
  Dodge: Dodged            |    16 |    26 |    55 ||    97

Table legend: (Time is in decaauts)
 A = Elapsed time spent in this place.
 B = Non-inter-level travel time spent in this place.
 C = Inter-level travel time spent in this place.
 D = Time resting spent in this place.
 E = Time spent auto-exploring this place.
 F = Levels seen in this place.
 G = Mean time per level.
                   A        B        C        D        E       F      G
               +--------+--------+--------+--------+--------+-----+--------+
         Total |   7232 |   7020 |    212 |   2215 |   3677 |   6 | 1205.3 |
       Dungeon |   7232 |   7020 |    212 |   2215 |   3677 |   6 | 1205.3 |
               +--------+--------+--------+--------+--------+-----+--------+

Top non-repeatable levels by time:
     D:4: 1484 daAuts
     D:3: 1480 daAuts
     D:6: 1406 daAuts
     D:2: 1067 daAuts
     D:5: 978 daAuts
     D:1: 815 daAuts
